 Dungeon Crawl Stone Soup version 0.17.0-28-g6e173f8 (webtiles) character file.

21 Redz the Grasshopper (level 2, -1/18 HPs)
             Began as a Gargoyle Warper on Nov 28, 2015.
             Slain by a gnoll (2 damage)
             ... on level 1 of the Dungeon.
             The game lasted 00:01:28 (487 turns).

Redz the Grasshopper (Gargoyle Warper)               Turns: 487, Time: 00:01:29

Health: -1/18      AC:  5    Str: 14    XL:     2   Next: 83%
Magic:  5/5        EV: 11    Int: 13    God:
Gold:   28         SH:  0    Dex:  9    Spells: 1 memorised, 4 levels left

rFire  . . .     SeeInvis .     a - +0 mace
rCold  . . .     Clarity  .     b - +0 leather armour
rNeg   + . .     SustAt   .     (no shield)
rPois  ∞         Gourm    .     (no helmet)
rElec  +         Spirit   .     (no cloak)
rCorr  .         Warding  .     (no gloves)
rMut   .         Stasis   .     (no boots)
MR     .....                    (no amulet)
Stlth  +.........               (no ring)
                                (no ring)

@: not resistant to hostile enchantments, very unstealthy
A: negative energy resistance 1, electricity resistance, unbreathing,
petrification resistance, rot immunity, AC +2
a: no special abilities


You were on level 1 of the Dungeon.
You were not hungry.

You visited 1 branch of the dungeon, and saw 1 of its levels.

You collected 28 gold pieces.

Inventory:

Hand Weapons
 a - a +0 mace (weapon)
Missiles
 e - 5 tomahawks of dispersal (quivered)
Armour
 b - a +0 leather armour (worn)
Scrolls
 d - a scroll of blinking
 h - a scroll of teleportation {unknown}
 i - a scroll of immolation {unknown}
 j - 3 scrolls of amnesia {unknown}
 k - a scroll of remove curse {unknown}
 n - a scroll of identify {unknown}
Potions
 l - 2 potions of curing {unknown}
 m - a potion of magic {unknown}
Books
 c - a book of Spatial Translocations

   Spells                             Type                      Level
   a - Apportation                    Translocation                1
   b - Blink                          Translocation                2
   c - Shroud of Golubria             Charms/Translocation         2
   d - Portal Projectile              Translocation                3
   e - Teleport Other                 Translocation                3
   f - Passage of Golubria            Translocation                4
Comestibles
 f - a bread ration
 g - 9 chunks of flesh


   Skills:
 * Level 2.3 Fighting
 * Level 2.2 Maces & Flails
 - Level 0.8 Throwing
 + Level 1.2 Armour
 + Level 1.6 Dodging
 + Level 1.0 Stealth
 + Level 2.2 Spellcasting
 + Level 2.9 Translocations


You had 4 spell levels left.
You knew the following spells:

 Your Spells              Type           Power        Failure   Level  Hunger
a - Apportation           Tloc           #.........   12%         1    ##.....


Dungeon Overview and Level Annotations

Branches:
Dungeon (1/15)

Altars:


Innate Abilities, Weirdness & Mutations

You are resistant to torment.
Your stone body is resilient (AC +2).
You are immune to poison.
You resist negative energy.
You are resistant to electric shocks.
You can survive without breathing.
You are immune to petrification.
You are immune to rotting.


Message History

You butcher the hobgoblin corpse.
g - 9 chunks of flesh (gained 4)
A gnoll comes into view.
The gnoll shouts!
The gnoll closely misses you.
You hit the gnoll but do no damage. The gnoll hits you.
The gnoll hits you but does no damage.
You hit the gnoll but do no damage. The gnoll barely misses you.
You hit the gnoll but do no damage. The gnoll barely misses you.
You completely miss the gnoll. The gnoll barely misses you.
You closely miss the gnoll. The gnoll hits you but does no damage.
The gnoll hits you.
You hit the gnoll.
The gnoll is heavily wounded.
The gnoll hits you.
* * * LOW HITPOINT WARNING * * *
You hit the gnoll.
The gnoll is severely wounded.
The gnoll hits you.
You die...

#.# #.# ###.# #...#
#.### ####.######
#.........#
#.#######.##.####.#
#...g@.........##.####
#########.##..........
#.####.##..### #.#
#...#..# #.# #......#
#.###...#.##
#.........#
###########


You could see a gnoll.

Vanquished Creatures
  6 hobgoblins (D:1)
  3 kobolds (D:1)
  3 bats (D:1)
  2 giant newts (D:1)
  3 goblins (D:1)
  3 rats (D:1)
20 creatures vanquished.

Notes
Turn   | Place    | Note
--------------------------------------------------------------
     0 | D:1      | Redz the Gargoyle Warper began the quest for the Orb.
     0 | D:1      | Reached XP level 1. HP: 12/12 MP: 3/3
   110 | D:1      | Reached XP level 2. HP: 17/17 MP: 5/5
   461 | D:1      | Reached skill level 1 in Stealth
   487 | D:1      | Slain by a gnoll

Action                   || total
-------------------------++-------
Melee: Mace              ||    65
